 Dungeon Crawl Stone Soup version 0.28.0-43-g3370ac3207 (webtiles) character file.

Game seed: 11754590030594914305

364 issech the Cudgeller (level 6, -5/54 HPs)
             Began as a Troll Monk on Mar 16, 2022.
             Was a Believer of Hepliaklqana.
             Killed from afar by Ijyb (36 damage)
             ... with a bolt of acid
             ... on level 4 of the Dungeon.
             The game lasted 00:09:55 (2975 turns).

issech the Cudgeller (Troll Monk)                   Turns: 2975, Time: 00:09:56

Health: -5/54      AC:  1    Str: 20    XL:     6   Next: 39%
Magic:  5/5        EV: 11    Int:  6    God:    Hepliaklqana [**....]
Gold:   168        SH:  0    Dex: 14    Spells: 5/5 levels left

rFire   . . .      SeeInvis .   r - +0 flail
rCold   . . .      Faith    .   (no shield)
rNeg    . . .      Spirit   .   b - +1 robe
rPois   .          Reflect  .   (helmet restricted)
rElec   .          Harm     .   (no cloak)
rCorr   .          Rampage  .   (gloves unavailable)
Will    .....                   (boots unavailable)
Stlth   ++........              e - amulet of regeneration
HPRegen 1.78/turn               (no ring)
MPRegen 0.09/turn               (no ring)

@: corroded
A: reduced essence, large, unfitting armour, claws 3, regeneration 1, shaggy fur
1, tough skin 1
a: Renounce Religion, Recall Ancestor, Ancestor Identity


You were on level 4 of the Dungeon.
You worshipped Hepliaklqana.
Hepliaklqana was pleased with you.
You visited 2 branches of the dungeon, and saw 5 of its levels.

You collected 168 gold pieces.

Inventory:

Hand Weapons
 a - a +0 mace
 r - a +0 flail (weapon)
 t - a +2 short sword of protection
 w - a +1 trident of venom
Missiles
 c - 3 large rocks (quivered)
 d - 75 stones
 f - 3 boomerangs
 k - 16 bolts
 m - 8 sling bullets
 u - 2 throwing nets
 y - 27 arrows
Armour
 b - a +1 robe (worn)
Jewellery
 e - an amulet of regeneration (around neck)
Wands
 p - a wand of acid (6)
 x - a wand of polymorph (8)
Scrolls
 i - 4 scrolls of teleportation
 j - 2 scrolls of enchant armour
 l - a scroll of vulnerability
 n - 2 scrolls of blinking {unknown}
 s - a scroll of amnesia {unknown}
 v - 2 scrolls of fog {unknown}
 z - a scroll of identify {unknown}
Potions
 g - 2 potions of curing {unknown}
 h - 2 potions of flight {unknown}
 o - a potion of heal wounds {unknown}
 q - a potion of invisibility {unknown}


   Skills:
 + Level 3.4 Fighting
 + Level 5.0 Maces & Flails
 + Level 3.6 Dodging
 + Level 1.4 Stealth


You had 5 spell levels left.
You didn't know any spells.
Your spell library contained the following spells:

 Spells                   Type           Power      Damage    Failure   Level
 Magic Dart               Conj           0%         1d3       45%         1
 Call Imp                 Summ           0%         N/A       58%         2
 Mephitic Cloud           Conj/Pois/Air  0%         N/A       83%         3


Dungeon Overview and Level Annotations

Branches:
Dungeon (4/15)             Temple (1/1) D:4

Altars:
Ashenzari
Cheibriados
Dithmenos
Elyvilon
Fedhas
Gozag
Hepliaklqana
Kikubaaqudgha
Makhleb
Nemelex Xobeh
Okawaru
Qazlal
Ru
Trog
Uskayaw
Vehumet
Wu Jian
Xom
Yredelemnul
Zin
The Shining One

Annotations:
D:4 Ijyb


Innate Abilities, Weirdness & Mutations

Your life essence is reduced to manifest your ancestor. (-10% HP)
You are too large for most types of armour.
You have claws for hands.
Your natural rate of healing is unusually fast.
You are covered in fur. (AC +1)
You have tough skin. (AC +1)


Message History

There is an open door here.
Found a war axe.
You see here a +0 war axe.
A ball python comes into view.
The helpless ball python fails to defend itself.
You hit the ball python.
The ball python is severely wounded.
The ball python closely misses you. The ball python barely misses you.
You closely miss the ball python.
The ball python is severely wounded.
The ball python bites you but does no damage.
You sock the ball python!
You kill the ball python!
You see here a ball python corpse.
You open the door.
Found an escape hatch in the ceiling.
There is an open door here.
An adder skeleton comes into view.
You hear the rapid rusting of a distant drain.
You see here a scroll of teleportation.
You see here a scroll of teleportation.
i - 4 scrolls of teleportation (gained 1)
Found a scroll labelled BUIDEWKIQIA and 18 gold pieces.
The adder skeleton bites you but does no damage.
You sock the adder skeleton!
The adder skeleton is severely damaged.
Hsekiu points at the adder skeleton and mumbles some strange words.
The stone arrow hits the adder skeleton!!
The adder skeleton is destroyed!
n - 2 scrolls labelled BUIDEWKIQIA (gained 1) Ijyb the Twisted Goblin comes into view.
She is wielding a +0 club and carrying a wand of acid (12).
You see here 18 gold pieces.
You now have 168 gold pieces (gained 18).
Ijyb shouts!
Ijyb zaps a wand.
The bolt of acid hits you!!
Ouch! That really hurt!
The acid corrodes you!
The bolt of acid hits Hsekiu!
The acid corrodes Hsekiu!
You barely miss Ijyb.
Ijyb zaps a wand.
The bolt of acid hits you!!!
Ouch! That really hurt!
You die...

#####... .......#
....##############
....# #..........#
....# #..........#
....###..........#
......'..........+
####..#..........#
#..#........R@#
#..#.........g# #
#..#..........# #
#..#..........# #
#..#......<...# #
#..#..........# #
#... ....##### #
###. #


You could see the friendly Hsekiu the battlemage (corroded) and Ijyb (ally
target).

Vanquished Creatures
  A scorpion (D:1)
  A hound (D:4)
  4 orc priests
  Jessica (D:2)
  3 adders
  4 worms
  A dart slug (D:3)
  10 orcs (D:3)
  5 ball pythons
  7 endoplasms
  2 giant cockroaches
  6 goblins
  6 hobgoblins
  4 jackals (D:1)
  2 quokkas
  6 bats
  3 frilled lizards
  5 kobolds
  5 rats
76 creatures vanquished.

Vanquished Creatures (collateral kills)
  An adder skeleton (D:4)
  An orc (D:4)
  A kobold (D:4)
  A ball python (D:4)
4 creatures vanquished.

Vanquished Creatures (others)
  A withered plant (D:2)
1 creature vanquished.

Grand Total: 81 creatures vanquished

Notes
Turn   | Place    | Note
-------+----------+-------------------------------------------
     0 | D:1      | issech the Troll Monk began the quest for the Orb.
     0 | D:1      | Reached XP level 1. HP: 22/22 MP: 0/0
   212 | D:1      | Reached skill level 3 in Maces & Flails
   297 | D:1      | Reached XP level 2. HP: 18/29 MP: 1/1
   759 | D:2      | Noticed Jessica
   773 | D:2      | Reached XP level 3. HP: 36/36 MP: 2/2
   780 | D:2      | Killed Jessica
   959 | D:2      | Noticed a scorpion
   987 | D:2      | Reached XP level 4. HP: 44/44 MP: 3/3
   997 | D:2      | Found a faded altar of an unknown god.
  1260 | D:1      | Killed a scorpion
  1261 | D:1      | Reached skill level 4 in Maces & Flails
  1398 | D:2      | Reached XP level 5. HP: 41/53 MP: 4/4
  2027 | D:3      | Reached XP level 6. HP: 44/61 MP: 5/5
  2441 | D:4      | Found a staircase to the Ecumenical Temple.
  2454 | Temple   | Entered the Ecumenical Temple
  2594 | Temple   | Became a worshipper of Hepliaklqana the Forgotten
  2594 | Temple   | Reached * piety under Hepliaklqana
  2594 | Temple   | Reached ** piety under Hepliaklqana
  2595 | Temple   | Remembered your ancestor Hsekiu as a battlemage
  2735 | D:4      | Reached skill level 5 in Maces & Flails
  2970 | D:4      | Noticed Ijyb
  2975 | D:4      | Killed from afar by Ijyb

Illustrated notes

Levels and vault maps discovered:
D:1:      dpeg_arrival_rhombi, layout_loops_ring
D:2:      layout_rooms, ebering_ecumenical_altar_petrified, uniq_jessica
D:3:      cheibrodos_pilgrimage, layout_basic
D:4:      layout_basic, minmay_temple_entry_wispy, lightli_sewer_entry_pipes,
          uniq_ijyb
Temple:   mainiacjoe_temple_hex_bubbles

Skill      XL: |  1  2  3  4  5  6 |
---------------+-------------------+-----
Maces & Flails | 3 4 5 |  5.0
Dodging        | 3 |  3.6
Fighting       | 3 |  3.4
Stealth        | |  1.4

Action                   |  1- 3 |  4- 6 || total
-------------------------+-------+-------++-------
Melee: Mace              |   115 |    99 ||   214
       Punch             |     3 |     1 ||     4
       Flail             |       |    75 ||    75
Invok: Ancestor Life: Ba |       |     1 ||     1
  Use: Scroll            |       |     3 ||     3
 Stab: Sleeping          |     1 |     5 ||     6
Armor: Robe              |    40 |    45 ||    85
Dodge: Dodged            |    66 |   106 ||   172
